 Dungeon Crawl Stone Soup version 0.24.0 (webtiles) character file.

Game seed: 11258461038852981738, levelgen mode: deterministic

478 Mrkan the Cudgeler (level 7, -1/44 HPs)
             Began as a Gargoyle Fighter on Oct 24, 2019.
             Slain by an ogre
             ... wielding a +0 giant club
              (6 damage)
             ... on level 5 of the Dungeon.
             The game lasted 00:07:59 (3270 turns).

Mrkan the Cudgeler (Gargoyle Fighter)               Turns: 3270, Time: 00:08:00

Health: -1/44      AC: 12    Str: 21    XL:     7   Next: 11%
Magic:  7/7        EV:  7    Int:  9    God:
Gold:   232        SH:  9    Dex:  9    Spells: 6/6 levels left

rFire    . . .     SeeInvis .   a - +0 flail
rCold    . . .     Gourm    .   c - +0 shield
rNeg     + . .     Faith    .   b - +0 scale mail
rPois    ∞         Spirit   .   (no helmet)
rElec    +         Reflect  .   o - +0 cloak
rCorr    .         Harm     .   (no gloves)
MR       .....                  (no boots)
Stlth    ..........             (no amulet)
HPRegen  0.14/turn              (no ring)
MPRegen  0.10/turn              (no ring)

@: no status effects
A: negative energy resistance 1, electricity resistance, unbreathing,
petrification resistance, rot immunity, AC +4
a: no special abilities


You were on level 5 of the Dungeon.
You were not hungry.

You visited 1 branch of the dungeon, and saw 5 of its levels.

You collected 232 gold pieces.

Inventory:

Hand Weapons
 a - a +0 flail (weapon)
Missiles
 k - 6 boomerangs (quivered)
Armour
 b - a +0 scale mail (worn)
 c - a +0 shield (worn)
 o - a +0 cloak (worn)
Wands
 v - a wand of enslavement (7)
Scrolls
 e - 2 scrolls of remove curse {unknown}
 j - 3 scrolls of teleportation {unknown}
 l - 6 scrolls of identify {unknown}
 m - a scroll of magic mapping {unknown}
 r - a scroll of blinking {unknown}
 s - a scroll of fear {unknown}
 u - a scroll of noise {unknown}
 w - a scroll of enchant armour {unknown}
 y - a scroll of immolation {unknown}
Potions
 d - a potion of might
 g - a potion of berserk rage {unknown}
 h - 3 potions of curing {unknown}
 i - 3 potions of haste {unknown}
 p - a potion of flight {unknown}
 q - a potion of heal wounds {unknown}
 t - 3 potions of lignification {unknown}
 x - 2 potions of brilliance {unknown}
 z - a potion of cancellation {unknown}
Comestibles
 f - 7 rations


   Skills:
 + Level 5.0 Fighting
 * Level 5.4 Maces & Flails
 - Level 3.2 Armour
 + Level 5.1 Shields


You had 6 spell levels left.
You didn't know any spells.
Your spell library was empty.

Dungeon Overview and Level Annotations

Branches:
Dungeon (5/15)
 Temple: D:4-7

Altars:

Annotations:
D:4 2 transporters


Innate Abilities, Weirdness & Mutations

You are resistant to torment.
Your stone body is resilient. (AC +4)
You are immune to poison.
You resist negative energy. (rN+)
You are resistant to electric shocks. (rElec)
You can survive without breathing.
You are immune to petrification.
You are immune to rotting.


Message History

The crimson imp barely misses you. The ogre hits you with a +0 giant club!
You sock the ogre!
The ogre is severely wounded.
The crimson imp hits you but does no damage.
The ogre hits you with a +0 giant club!
You barely miss the ogre.
The ogre is severely wounded.
You block the crimson imp's attack. You block the ogre's attack.
Your shield and scale mail prevent you from hitting the ogre.
The ogre is severely wounded.
The crimson imp hits you.
* * * LOW HITPOINT WARNING * * *
You block the crimson imp's attack. The ogre hits you with a +0 giant club.
* * * LOW HITPOINT WARNING * * *
You hit the ogre.
The ogre is almost dead.
The crimson imp hits you.
* * * LOW HITPOINT WARNING * * *
The ogre hits you with a +0 giant club.
You die...

^##.. .#.# ..
.##.##..# .#
........# .#
###..##.# .#
........# .# #
#######†#
.#.#.#
#.######.....#
#....O@5...#
#..######.##
#####..# #
#......#
#.####.# #.#
#.# #.# #.#
#.# #.# #.#
#.#


You could see an ogre and a crimson imp.

Vanquished Creatures
  Menkaure (D:4)
  A scorpion (D:4)
  A bullfrog skeleton (D:5)
  An orc priest (D:4)
  An orc wizard (D:4)
  An iguana (D:4)
  A worker ant (D:4)
  Robin (D:4)
  A howler monkey skeleton (D:4)
  4 adders
  2 oozes
  An adder skeleton (D:4)
  3 worms (D:2)
  3 dart slugs (D:3)
  3 orcs
  7 giant cockroaches
  18 goblins
  5 hobgoblins
  5 jackals
  A quokka (D:3)
  3 ball pythons
  11 bats
  5 frilled lizards
  6 kobolds
  12 rats
98 creatures vanquished.

Notes
Turn   | Place    | Note
-------+----------+-------------------------------------------
     0 | D:1      | Mrkan the Gargoyle Fighter began the quest for the Orb.
     0 | D:1      | Reached XP level 1. HP: 14/14 MP: 1/1
   222 | D:1      | Reached XP level 2. HP: 19/19 MP: 2/2
   765 | D:2      | Reached XP level 3. HP: 3/23 MP: 3/3
  1062 | D:2      | Reached XP level 4. HP: 29/29 MP: 4/4
  1754 | D:3      | Reached XP level 5. HP: 32/33 MP: 5/5
  2629 | D:4      | Reached XP level 6. HP: 26/39 MP: 6/6
  2660 | D:4      | Noticed Menkaure
  2681 | D:4      | Killed Menkaure
  2705 | D:4      | Reached skill level 5 in Maces & Flails
  2881 | D:4      | Noticed Robin
  2891 | D:4      | Reached skill level 5 in Shields
  2898 | D:4      | Killed Robin
  2981 | D:4      | Found a transporter.
  3000 | D:4      | Reached skill level 5 in Fighting
  3000 | D:4      | Reached XP level 7. HP: 44/44 MP: 7/7
  3022 | D:4      | Found a transporter.
  3131 | D:5      | Entered Level 5 of the Dungeon
  3270 | D:5      | Slain by an ogre

Levels and vault maps discovered:
D:1:      psy_arrival_conway, layout_basic
D:2:      minmay_chambers_of_twos, layout_rooms, first_ration
D:3:      layout_basic, minmay_quantized
D:4:      gammafunk_steamed_eel, layout_loops_ring, uniq_menkaure, uniq_robin
D:5:      layout_loops_ring, serial_shops, kennysheep_mini_moat,
          minmay_door_square, minmay_manual_mess
